Washington Capitals vs Colorado Rockies
(R1)
Created - Wednesday, April 24, 2024 at 06:57
Goals
|
| Washington Capitals |
0 |
3 |
1 |
0 |
0 |
4 |
| Colorado Rockies |
1 |
1 |
2 |
0 |
1 |
5 |
|
Shots
|
| Washington Capitals |
3 |
17 |
5 |
0 |
6 |
25 |
| Colorado Rockies |
13 |
12 |
9 |
1 |
6 |
35 |
|
1st period
1. Colorado Rockies , Ryan O'Reilly 13 (Nikita Kucherov 27, Jesper Bratt 21) at 6:23 (PP)
Penalties :
Evgeny Kuznetsov (COL) for Tripping (Minor) at 0:39, Brad Marchand (WSH) for Tripping (Minor) at 5:32, Brad Marchand (WSH) for Hooking (Minor) at 6:30, Brad Marchand (WSH) for Tripping (Minor) at 9:19, Brad Marchand (WSH) for Hooking (Minor) at 15:58
2nd period
2. Washington Capitals , Alex Ovechkin 20 (Brayden Point 38, Drake Batherson 15) at 5:42
3. Washington Capitals , Michael Mcleod 4 (Brad Marchand 23) at 7:36 (SH)
4. Colorado Rockies , Jesper Bratt 23 (Ryan O'Reilly 37) at 7:40 (PP)
5. Washington Capitals , Brayden Point 23 (Jason Robertson 20, Alex Ovechkin 23) at 10:49 (PP)
Penalties :
David Savard (WSH) for Tripping (Minor) at 7:26, Vince Dunn (COL) for Cross-checking (Minor) at 10:33, Dylan DeMelo (WSH) for Roughing (Minor) at 12:43, Nikita Kucherov (COL) for Hooking (Minor) at 19:23
3rd period
6. Washington Capitals , Brayden Point 24 (Jason Robertson 21, Dylan DeMelo 8) at 4:24
7. Colorado Rockies , Tim Stutzle 25 (Nikita Kucherov 28) at 12:15
8. Colorado Rockies , Vince Dunn 4 (Evgeny Kuznetsov 17, Michael Bunting 9) at 17:13
Penalties :
Brad Marchand (WSH) for Hooking (Minor) at 5:14, Vince Dunn (COL) for Hooking (Minor) at 11:25, Dylan DeMelo (WSH) for Interference (Minor) at 12:07, Ian Cole (WSH) for High sticking (Minor) at 19:37
Overtime #1
No Goal
Penalties :
No Penalty
Shootout
Washington Capitals, Jason Robertson - Shot Misses the Net
Colorado Rockies, Evgeny Kuznetsov - Shot Misses the Net
Washington Capitals, Drake Batherson - Shot Misses the Net
Colorado Rockies, Michael Bunting - Stopped by Jake Oettinger
Washington Capitals, Brayden Point - Stopped by Andrei Vasilevskiy
Colorado Rockies, Nikita Kucherov - Shot Misses the Net
Washington Capitals, Alex Ovechkin - Stopped by Andrei Vasilevskiy
Colorado Rockies, Tim Stutzle - Stopped by Jake Oettinger
Washington Capitals, David Savard - Shot Misses the Net
Colorado Rockies, Nick Bonino - Shot Misses the Net
Washington Capitals, John Carlson - Shot Misses the Net
Colorado Rockies, Kevin Hayes - Goal!
Penalties :
No Penalty
Goalie Stats
Jake Oettinger (WSH), 31 saves from 35 shots - (0.886), OTL, 19-20-5, 65:00 minutes
Andrei Vasilevskiy (COL), 21 saves from 25 shots - (0.840), W, 21-11-3, 65:00 minutes
Players Stats for Washington Capitals
Player Name G A P +/- PIM S H SB GA TA FO MP PP MP PK MP
------------------------------------------------------------------------------------
Alex Ovechkin 1 1 2 1 0 2 1 0 0 0 0/1 18:35 2:48 0:03
Brad Marchand 0 1 1 1 10 1 4 0 0 0 0/1 12:39 0:00 1:43
Brayden Point 2 1 3 1 0 5 2 0 1 0 13/26 19:26 2:48 0:38
David Savard 0 0 0 -1 2 1 1 4 0 1 0/0 28:04 3:19 7:08
Dominik Kubalik 0 0 0 -1 0 0 0 0 1 0 0/0 10:46 0:00 2:14
Drake Batherson 0 1 1 0 0 2 1 0 0 0 0/0 13:25 2:08 0:00
Dylan DeMelo 0 1 1 1 4 0 1 0 0 0 0/0 15:12 1:36 0:36
Erik Johnson 0 0 0 1 0 0 1 1 1 0 0/0 18:01 0:00 6:27
Ian Cole 0 0 0 1 2 3 1 0 0 1 0/0 22:37 0:00 6:24
Isac Lundestrom 0 0 0 -1 0 1 0 1 0 0 3/5 12:50 0:00 3:56
Jason Robertson 0 2 2 2 0 1 3 0 1 1 0/1 17:40 2:48 0:07
John Carlson 0 0 0 -1 0 0 2 1 0 0 0/0 21:35 3:19 0:00
Jordan Kyrou 0 0 0 0 0 2 2 0 0 0 0/0 9:19 0:00 0:00
Michael Mcleod 1 0 1 1 0 1 0 1 0 0 8/16 15:39 0:00 7:13
Nick Foligno 0 0 0 -1 0 0 0 0 0 0 0/0 14:09 0:00 4:59
Nick Jensen 0 0 0 1 0 3 0 0 1 2 0/0 25:10 1:37 6:47
Nico Hischier 0 0 0 0 0 2 3 1 0 0 5/17 19:12 2:08 4:52
Owen Tippett 0 0 0 0 0 1 1 0 1 0 0/0 10:34 2:08 0:00
Players Stats for Colorado Rockies
Player Name G A P +/- PIM S H SB GA TA FO MP PP MP PK MP
------------------------------------------------------------------------------------
Andrew Peeke 0 0 0 1 0 1 1 0 0 1 0/0 20:08 1:09 2:25
David Pastrnak 0 0 0 -2 0 2 4 1 0 0 0/3 18:54 6:03 0:00
Evgeny Kuznetsov 0 1 1 1 2 7 1 0 1 1 5/11 19:02 5:38 0:54
Jakub Vrana 0 0 0 0 0 0 1 0 0 0 0/0 8:07 0:00 0:00
Jesper Bratt 1 1 2 -1 0 4 1 0 0 0 0/0 16:51 5:55 0:12
Kevin Hayes 0 0 0 1 0 1 0 0 0 1 0/0 11:59 0:00 0:06
Kyle Connor 0 0 0 -2 0 3 1 0 0 0 1/2 17:09 6:00 0:00
Kyle Palmieri 0 0 0 0 0 1 2 0 1 0 0/0 8:27 0:15 0:00
Martin Fehervary 0 0 0 0 0 0 0 1 0 0 0/0 11:25 0:00 0:00
Michael Bunting 0 1 1 1 0 0 1 1 0 0 1/1 13:29 0:16 0:00
Nick Bonino 0 0 0 0 0 0 0 0 0 0 4/7 10:45 0:02 2:07
Nikita Kucherov 0 2 2 -1 2 3 3 0 1 0 0/0 21:06 5:43 1:30
Nikita Zadorov 0 0 0 0 0 0 1 0 1 1 0/0 16:49 0:33 2:31
Quinn Hughes 0 0 0 -2 0 1 2 0 0 0 0/0 26:42 5:07 2:25
Ryan O'Reilly 1 1 2 -1 0 4 1 0 0 0 18/21 22:21 5:59 2:37
Tim Stutzle 1 0 1 -1 0 3 2 1 1 1 9/22 21:30 6:00 2:26
Victor Hedman 0 0 0 -1 0 2 4 2 0 0 0/0 28:04 5:48 2:31
Vince Dunn 1 0 1 1 4 3 1 0 0 1 0/0 20:55 5:52 0:00
3 Stars
1 - Brayden Point (WSH)
2 - Alex Ovechkin (WSH)
3 - Jason Robertson (WSH)
Power Play
Washington Capitals - 1 on 4 Attempt(s) - 25.00%
Colorado Rockies - 2 on 9 Attempt(s) - 22.22%
Penalty Kill
Washington Capitals - 7 on 9 Attempt(s) - 77.78%
- Score 1 goal in Penalty Kill
Colorado Rockies - 3 on 4 Attempt(s) - 75.00%
- Score 0 goal in Penalty Kill
Team Stat
Washington Capitals - Hits : 23 - Faceoff Wins : 29 - Blocked Shots : 9 - Penalty Minutes : 18
Colorado Rockies - Hits : 26 - Faceoff Wins : 38 - Blocked Shots : 6 - Penalty Minutes : 8
Official
Referees : Eric Furlatt and Chris Rooney
Linesman : Brian Mach and Mark Wheler
Game Notes
No Game Note
Finance
Level 1 -- Attendance: 5758 (95.97%) -- Ticket Income $518,220
Level 2 -- Attendance: 5000 (100.00%) -- Ticket Income $275,000
Level 3 -- Attendance: 2371 (79.03%) -- Ticket Income $82,985
Level 4 -- Attendance: 3500 (70.00%) -- Ticket Income $87,500
Luxury Box -- Attendance: 903 (90.30%) -- Ticket Income $158,025
Game was played at the Pepsi Center.
Total Attendance: 17532 (87.66%)
Total Ticket Income: $1,121,730
Other Income: $392,606
Total Income: $1,514,336
Washington Capitals
5 vs 5 Forward
Center Left Wing Right Wing Time % Phy DF OF
1 Brayden Point Alex Ovechkin Jason Robertson 40 1 1 3
2 Nico Hischier Brad Marchand Drake Batherson 30 1 1 3
3 Michael Mcleod Owen Tippett Jordan Kyrou 20 1 1 3
4 Isac Lundestrom Nick Foligno Dominik Kubalik 10 1 1 3
5 vs 5 Defense
Defense Defense Time % Phy DF OF
1 John Carlson David Savard 37 2 3 0
2 Nick Jensen Ian Cole 35 2 3 0
3 Dylan DeMelo Erik Johnson 28 2 3 0
4 John Carlson Ian Cole 0 2 3 0
PowerPlay Forward
Center Left Wing Right Wing Time % Phy DF OF
1 Brayden Point Alex Ovechkin Jason Robertson 60 1 2 2
2 Nico Hischier Owen Tippett Drake Batherson 40 1 2 2
PowerPlay Defense
Defense Defense Time % Phy DF OF
1 David Savard John Carlson 60 1 2 2
2 Dylan DeMelo Nick Jensen 40 1 2 2
Penalty Kill 4 Players Forward
Center Wing Time % Phy DF OF
1 Michael Mcleod Brad Marchand 60 1 2 2
2 Isac Lundestrom Nick Foligno 40 1 2 2
Penalty Kill 4 Players Defense
Defense Defense Time % Phy DF OF
1 David Savard Ian Cole 60 1 2 2
2 Erik Johnson Nick Jensen 40 1 2 2
Penalty Kill - 3 Players Forward
Forward Time % Phy DF OF
1 Michael Mcleod 60 1 2 2
2 Isac Lundestrom 40 1 2 2
Penalty Kill - 3 Players Defense
Defense Defense Time % Phy DF OF
1 David Savard Ian Cole 60 1 2 2
2 Erik Johnson Nick Jensen 40 1 2 2
4 vs 4 Forward
Center Wing Time % Phy DF OF
1 Brayden Point Alex Ovechkin 60 1 2 2
2 Nico Hischier Jason Robertson 40 1 2 2
4 vs 4 Defense
Defense Defense Time % Phy DF OF
1 David Savard John Carlson 60 1 2 2
2 Dylan DeMelo Nick Jensen 40 1 2 2
Last Minutes Offensive
Center Left Wing Right Wing Defense Defense
Brayden Point Alex Ovechkin Jason Robertson David Savard John Carlson
Last Minutes Defensive
Center Left Wing Right Wing Defense Defense
Nico Hischier Brad Marchand Nick Foligno Nick Jensen Ian Cole
Goaltenders
Starting : Jake Oettinger
Backup : Sergei Bobrovsky
Extra Forwards
Normal : Jordan Kyrou, Drake Batherson, Dominik Kubalik - PP : Owen Tippett, Brayden Point - PK : Nico Hischier
Extra Defensemen
Normal : Nick Jensen, Dylan DeMelo, Ian Cole - PP : John Carlson - PK : Nick Jensen, Dylan DeMelo
Penalty Shots
Jason Robertson, Drake Batherson, Brayden Point, Alex Ovechkin, David Savard
Colorado Rockies
5 vs 5 Forward
Center Left Wing Right Wing Time % Phy DF OF
1 Ryan O'Reilly Kyle Connor Nikita Kucherov 30 1 2 2
2 Tim Stutzle Jesper Bratt David Pastrnak 30 1 2 2
3 Evgeny Kuznetsov Michael Bunting Kevin Hayes 25 1 2 2
4 Nick Bonino Jakub Vrana Kyle Palmieri 15 1 2 2
5 vs 5 Defense
Defense Defense Time % Phy DF OF
1 Victor Hedman Quinn Hughes 42 1 2 2
2 Vince Dunn Andrew Peeke 36 1 2 2
3 Martin Fehervary Nikita Zadorov 22 1 2 2
4 Victor Hedman Quinn Hughes 0 1 2 2
PowerPlay Forward
Center Left Wing Right Wing Time % Phy DF OF
1 Tim Stutzle Kyle Connor David Pastrnak 50 1 2 2
2 Ryan O'Reilly Jesper Bratt Evgeny Kuznetsov 50 1 2 2
PowerPlay Defense
Defense Defense Time % Phy DF OF
1 Nikita Kucherov Quinn Hughes 50 1 2 2
2 Victor Hedman Vince Dunn 50 1 2 2
Penalty Kill 4 Players Forward
Center Wing Time % Phy DF OF
1 Ryan O'Reilly Nikita Kucherov 50 1 2 2
2 Nick Bonino Tim Stutzle 50 1 2 2
Penalty Kill 4 Players Defense
Defense Defense Time % Phy DF OF
1 Quinn Hughes Andrew Peeke 50 1 2 2
2 Victor Hedman Nikita Zadorov 50 1 2 2
Penalty Kill - 3 Players Forward
Forward Time % Phy DF OF
1 Ryan O'Reilly 50 1 2 2
2 Nick Bonino 50 1 2 2
Penalty Kill - 3 Players Defense
Defense Defense Time % Phy DF OF
1 Andrew Peeke Victor Hedman 50 1 2 2
2 Quinn Hughes Nikita Zadorov 50 1 2 2
4 vs 4 Forward
Center Wing Time % Phy DF OF
1 Tim Stutzle Nikita Kucherov 50 1 2 2
2 Ryan O'Reilly David Pastrnak 50 1 2 2
4 vs 4 Defense
Defense Defense Time % Phy DF OF
1 Victor Hedman Quinn Hughes 50 1 2 2
2 Nikita Zadorov Andrew Peeke 50 1 2 2
Last Minutes Offensive
Center Left Wing Right Wing Defense Defense
Ryan O'Reilly Kyle Connor Nikita Kucherov Victor Hedman Quinn Hughes
Last Minutes Defensive
Center Left Wing Right Wing Defense Defense
Ryan O'Reilly Kyle Connor Nikita Kucherov Victor Hedman Quinn Hughes
Goaltenders
Starting : Andrei Vasilevskiy
Backup : Joey Daccord
Extra Forwards
Normal : Michael Bunting, Ryan O'Reilly, Evgeny Kuznetsov - PP : Michael Bunting, Ryan O'Reilly - PK : Evgeny Kuznetsov
Extra Defensemen
Normal : Victor Hedman, Nikita Zadorov, Vince Dunn - PP : Victor Hedman - PK : Nikita Zadorov, Vince Dunn
Penalty Shots
Evgeny Kuznetsov, Michael Bunting, Nikita Kucherov, Tim Stutzle, Nick Bonino
% Time on Ice - Washington Capitals
Lines # - Real PCT - Wanted PCT - Time Play
Normal Forward
1 - 33% - 40% - 13:51
2 - 28% - 30% - 11:33
3 - 20% - 20% - 8:26
4 - 19% - 10% - 7:53
Normal Defense
1 - 39% - 37% - 16:28
2 - 34% - 35% - 14:06
3 - 26% - 28% - 11:01
4 - 0% - 0% - 0:08
PP Forward
1 - 57% - 60% - 2:48
2 - 43% - 40% - 2:08
PP Defense
1 - 67% - 60% - 3:19
2 - 33% - 40% - 1:37
PK Forward
1 - 76% - 60% - 9:09
2 - 24% - 40% - 2:55
PK Defense
1 - 53% - 60% - 6:21
2 - 47% - 40% - 5:43
PK3 Forward
1 - 78% - 60% - 1:16
2 - 22% - 40% - 0:21
PK3 Defense
1 - 100% - 60% - 1:37
2 - 0% - 40% - 0:00
44 Forward
1 - 73% - 60% - 3:23
2 - 28% - 40% - 1:17
44 Defense
1 - 58% - 60% - 2:43
2 - 42% - 40% - 1:57
Last Minute Offensive - 0:00
Last Minute Defensive - 0:00
Total
Forward - 65:00
Defense - 65:00
|
% Time on Ice - Colorado Rockies
Lines # - Real PCT - Wanted PCT - Time Play
Normal Forward
1 - 27% - 30% - 11:25
2 - 25% - 30% - 10:22
3 - 28% - 25% - 11:49
4 - 19% - 15% - 8:07
Normal Defense
1 - 39% - 42% - 16:26
2 - 35% - 36% - 14:35
3 - 26% - 22% - 10:42
4 - 0% - 0% - 0:00
PP Forward
1 - 50% - 50% - 6:02
2 - 50% - 50% - 6:02
PP Defense
1 - 47% - 50% - 5:43
2 - 53% - 50% - 6:21
PK Forward
1 - 57% - 50% - 2:49
2 - 43% - 50% - 2:07
PK Defense
1 - 49% - 50% - 2:25
2 - 51% - 50% - 2:31
PK3 Forward
1 - 0% - 50%
2 - 0% - 50%
PK3 Defense
1 - 0% - 50%
2 - 0% - 50%
44 Forward
1 - 50% - 50% - 3:10
2 - 50% - 50% - 3:07
44 Defense
1 - 55% - 50% - 3:27
2 - 45% - 50% - 2:50
Last Minute Offensive - 0:00
Last Minute Defensive - 0:00
Total
Forward - 65:00
Defense - 65:00
|
Play-by-Play
1st period
0:01 of 1st period - Kyle Connor wins face-off versus Brayden Point in neutral zone.
0:04 of 1st period - David Savard is hit by Victor Hedman and loses puck.
0:32 of 1st period - Wrist shot by David Pastrnak.
0:32 of 1st period - Deflect By Tim Stutzle.
0:32 of 1st period - Shot Misses the Net.
0:32 of 1st period - Puck is out of play.
0:33 of 1st period - Michael Mcleod wins face-off versus Evgeny Kuznetsov in Washington Capitals zone.
0:39 of 1st period - Minor Penalty to Evgeny Kuznetsov for Tripping.
0:40 of 1st period - Ryan O'Reilly wins face-off versus Brayden Point in Colorado Rockies zone.
2:36 of 1st period - John Carlson is hit by Victor Hedman.
2:39 of 1st period - Penalty to Evgeny Kuznetsov is over, Evgeny Kuznetsov is back on ice.
2:49 of 1st period - Slapshot by Nikita Zadorov.
2:49 of 1st period - Shot Misses the Net.
2:51 of 1st period - Snap shot by Victor Hedman.
2:51 of 1st period - Stopped by Jake Oettinger without a rebound.
2:52 of 1st period - Isac Lundestrom wins face-off versus Evgeny Kuznetsov in Washington Capitals zone.
3:13 of 1st period - Wrist shot by Kevin Hayes.
3:13 of 1st period - Stopped by Jake Oettinger with a rebound.
3:23 of 1st period - Snap shot by Evgeny Kuznetsov.
3:23 of 1st period - Stopped by Jake Oettinger without a rebound.
3:24 of 1st period - Tim Stutzle wins face-off versus Brayden Point in Washington Capitals zone.
3:37 of 1st period - Slapshot by David Pastrnak.
3:37 of 1st period - Stopped by Jake Oettinger with a rebound.
3:51 of 1st period - Nikita Kucherov is hit by Ian Cole and loses puck.
4:10 of 1st period - Icing by Martin Fehervary.
4:11 of 1st period - Michael Mcleod wins face-off versus Nick Bonino in Colorado Rockies zone.
4:12 of 1st period - Slapshot by Jordan Kyrou.
4:12 of 1st period - Stopped by Andrei Vasilevskiy with a rebound.
4:20 of 1st period - Wrist shot by Jakub Vrana.
4:20 of 1st period - Shot Hit the Post.
4:36 of 1st period - Slapshot by Nikita Kucherov.
4:36 of 1st period - Shot Misses the Net.
4:38 of 1st period - Slapshot by Victor Hedman.
4:38 of 1st period - Shot Blocked by David Savard.
4:56 of 1st period - Nikita Kucherov is hit by Jason Robertson and loses puck.
5:09 of 1st period - Snap shot by Nikita Kucherov.
5:09 of 1st period - Shot Misses the Net.
5:11 of 1st period - Slapshot by Ryan O'Reilly.
5:11 of 1st period - Shot Misses the Net.
5:13 of 1st period - Slapshot by Kyle Connor.
5:13 of 1st period - Shot Misses the Net.
5:29 of 1st period - Wrist shot by Nikita Kucherov.
5:29 of 1st period - Stopped by Jake Oettinger without a rebound.
5:30 of 1st period - Nico Hischier wins face-off versus David Pastrnak in Washington Capitals zone.
5:32 of 1st period - Minor Penalty to Brad Marchand for Tripping.
5:33 of 1st period - Tim Stutzle wins face-off versus Michael Mcleod in Washington Capitals zone.
5:41 of 1st period - Wrist shot by David Pastrnak.
5:41 of 1st period - Deflect By Tim Stutzle.
5:41 of 1st period - Shot Blocked by Erik Johnson.
5:41 of 1st period - Puck is out of play.
5:42 of 1st period - Tim Stutzle wins face-off versus Michael Mcleod in Washington Capitals zone.
6:09 of 1st period - Snap shot by Ryan O'Reilly.
6:09 of 1st period - Shot Blocked by Michael Mcleod.
6:11 of 1st period - Slapshot by Victor Hedman.
6:11 of 1st period - Stopped by Jake Oettinger without a rebound.
6:12 of 1st period - Ryan O'Reilly wins face-off versus Michael Mcleod in Washington Capitals zone.
6:15 of 1st period - Wrist shot by Ryan O'Reilly.
6:15 of 1st period - Stopped by Jake Oettinger with a rebound.
6:17 of 1st period - Snap shot by Evgeny Kuznetsov.
6:17 of 1st period - Stopped by Jake Oettinger with a rebound.
6:19 of 1st period - Wrist shot by Jesper Bratt.
6:19 of 1st period - Shot Blocked by David Savard.
6:21 of 1st period - Slapshot by Nikita Kucherov.
6:21 of 1st period - Shot Misses the Net.
6:23 of 1st period - Wrist shot by Ryan O'Reilly.
6:23 of 1st period - Goal by Ryan O'Reilly - Washington Capitals : 0 - Colorado Rockies : 1.
6:24 of 1st period - Tim Stutzle wins face-off versus Nico Hischier in neutral zone.
6:30 of 1st period - Minor Penalty to Brad Marchand for Hooking.
6:31 of 1st period - Ryan O'Reilly wins face-off versus Michael Mcleod in Washington Capitals zone.
7:48 of 1st period - Ian Cole is hit by Tim Stutzle and loses puck.
8:30 of 1st period - Penalty to Brad Marchand is over, Brad Marchand is back on ice.
8:34 of 1st period - David Savard is hit by Nikita Kucherov and loses puck.
8:47 of 1st period - Snap shot by Jakub Vrana.
8:47 of 1st period - Deflect By Jason Robertson.
8:47 of 1st period - Shot Misses the Net.
8:47 of 1st period - Puck is out of play.
8:48 of 1st period - Nick Bonino wins face-off versus Brayden Point in Washington Capitals zone.
9:07 of 1st period - Snap shot by Brayden Point.
9:07 of 1st period - Shot Misses the Net.
9:09 of 1st period - Snap shot by Nick Jensen.
9:09 of 1st period - Shot Misses the Net.
9:11 of 1st period - Slapshot by Ian Cole.
9:11 of 1st period - Stopped by Andrei Vasilevskiy without a rebound.
9:12 of 1st period - Evgeny Kuznetsov wins face-off versus Nico Hischier in Colorado Rockies zone.
9:12 of 1st period - Evgeny Kuznetsov is hit by Nico Hischier.
9:19 of 1st period - Minor Penalty to Brad Marchand for Tripping.
9:20 of 1st period - Michael Mcleod wins face-off versus Tim Stutzle in Washington Capitals zone.
9:46 of 1st period - David Savard is hit by Nikita Kucherov and loses puck.
10:49 of 1st period - Michael Mcleod is hit by David Pastrnak and loses puck.
11:16 of 1st period - Erik Johnson is hit by Ryan O'Reilly and loses puck.
11:19 of 1st period - Penalty to Brad Marchand is over, Brad Marchand is back on ice.
12:41 of 1st period - Nikita Zadorov is hit by Nico Hischier and loses puck.
12:56 of 1st period - Wrist shot by Owen Tippett.
12:56 of 1st period - Stopped by Andrei Vasilevskiy with a rebound.
13:08 of 1st period - Wrist shot by Kyle Palmieri.
13:08 of 1st period - Stopped by Jake Oettinger without a rebound.
13:09 of 1st period - Brayden Point wins face-off versus Tim Stutzle in Washington Capitals zone.
13:09 of 1st period - Brayden Point is hit by David Pastrnak.
13:31 of 1st period - Nikita Kucherov is hit by Brad Marchand and loses puck.
13:38 of 1st period - Kyle Connor is hit by Brad Marchand.
14:18 of 1st period - Slapshot by David Pastrnak.
14:18 of 1st period - Stopped by Jake Oettinger without a rebound.
14:19 of 1st period - Ryan O'Reilly wins face-off versus Nico Hischier in Washington Capitals zone.
14:28 of 1st period - Slapshot by Nikita Kucherov.
14:28 of 1st period - Shot Blocked by Nico Hischier.
15:35 of 1st period - Wrist shot by Jakub Vrana.
15:35 of 1st period - Shot Misses the Net.
15:37 of 1st period - Snap shot by Nick Bonino.
15:37 of 1st period - Shot Misses the Net.
15:39 of 1st period - Slapshot by Nikita Zadorov.
15:39 of 1st period - Shot Misses the Net.
15:51 of 1st period - Snap shot by Jesper Bratt.
15:51 of 1st period - Stopped by Jake Oettinger without a rebound.
15:52 of 1st period - Nico Hischier wins face-off versus Tim Stutzle in Washington Capitals zone.
15:58 of 1st period - Minor Penalty to Brad Marchand for Hooking.
15:59 of 1st period - Michael Mcleod wins face-off versus Kyle Connor in Washington Capitals zone.
15:59 of 1st period - Michael Mcleod is hit by David Pastrnak.
16:13 of 1st period - Snap shot by David Pastrnak.
16:13 of 1st period - Shot Misses the Net.
16:29 of 1st period - Wrist shot by Ryan O'Reilly.
16:29 of 1st period - Deflect By Evgeny Kuznetsov.
16:29 of 1st period - Stopped by Jake Oettinger with a rebound.
16:31 of 1st period - Wrist shot by Jesper Bratt.
16:31 of 1st period - Shot Misses the Net.
17:21 of 1st period - Ian Cole is hit by David Pastrnak and loses puck.
17:58 of 1st period - Penalty to Brad Marchand is over, Brad Marchand is back on ice.
18:07 of 1st period - Icing by Isac Lundestrom.
18:08 of 1st period - Nick Bonino wins face-off versus Nico Hischier in Washington Capitals zone.
19:39 of 1st period - Jason Robertson is hit by Nikita Zadorov.
Goals for this period are 0 for Washington Capitals vs 1 for Colorado Rockies.
Shots for this period are 3 for Washington Capitals vs 13 for Colorado Rockies.
2nd period
0:01 of 2nd period - Nico Hischier wins face-off versus David Pastrnak in neutral zone.
0:04 of 2nd period - Snap shot by Nico Hischier.
0:04 of 2nd period - Shot Blocked by Tim Stutzle.
0:06 of 2nd period - Wrist shot by Nico Hischier.
0:06 of 2nd period - Stopped by Andrei Vasilevskiy without a rebound.
0:07 of 2nd period - Nico Hischier wins face-off versus Tim Stutzle in Colorado Rockies zone.
0:08 of 2nd period - Snap shot by Brad Marchand.
0:08 of 2nd period - Shot Misses the Net.
0:10 of 2nd period - Slapshot by Ian Cole.
0:10 of 2nd period - Shot Blocked by Victor Hedman.
0:12 of 2nd period - Slapshot by Ian Cole.
0:12 of 2nd period - Shot Blocked by Victor Hedman.
0:14 of 2nd period - Snap shot by Nico Hischier.
0:14 of 2nd period - Stopped by Andrei Vasilevskiy without a rebound.
0:15 of 2nd period - Nico Hischier wins face-off versus Tim Stutzle in Colorado Rockies zone.
0:18 of 2nd period - Wrist shot by Drake Batherson.
0:18 of 2nd period - Deflect By Brad Marchand.
0:18 of 2nd period - Shot Misses the Net.
0:18 of 2nd period - Puck is out of play.
0:19 of 2nd period - Tim Stutzle wins face-off versus Nico Hischier in Colorado Rockies zone.
0:35 of 2nd period - Off-side.
0:36 of 2nd period - Ryan O'Reilly wins face-off versus Brayden Point in neutral zone.
1:02 of 2nd period - Brad Marchand is hit by Quinn Hughes and loses puck.
1:21 of 2nd period - Nick Jensen is hit by Jesper Bratt and loses puck.
1:33 of 2nd period - Off-side.
1:34 of 2nd period - Evgeny Kuznetsov wins face-off versus Michael Mcleod in neutral zone.
1:59 of 2nd period - Evgeny Kuznetsov is hit by Jordan Kyrou and loses puck.
2:14 of 2nd period - Wrist shot by Jordan Kyrou.
2:14 of 2nd period - Stopped by Andrei Vasilevskiy without a rebound.
2:15 of 2nd period - Brayden Point wins face-off versus Tim Stutzle in Colorado Rockies zone.
3:13 of 2nd period - Wrist shot by Dominik Kubalik.
3:13 of 2nd period - Shot Blocked by Martin Fehervary.
4:49 of 2nd period - Snap shot by Tim Stutzle.
4:49 of 2nd period - Stopped by Jake Oettinger without a rebound.
4:50 of 2nd period - Brayden Point wins face-off versus Ryan O'Reilly in Washington Capitals zone.
4:57 of 2nd period - Ryan O'Reilly is hit by John Carlson and loses puck.
5:04 of 2nd period - Wrist shot by Kyle Connor.
5:04 of 2nd period - Shot Misses the Net.
5:13 of 2nd period - Icing by Alex Ovechkin.
5:14 of 2nd period - Tim Stutzle wins face-off versus Nico Hischier in Washington Capitals zone.
5:42 of 2nd period - Wrist shot by Alex Ovechkin.
5:42 of 2nd period - Goal by Alex Ovechkin - Washington Capitals : 1 - Colorado Rockies : 1.
5:43 of 2nd period - Ryan O'Reilly wins face-off versus Alex Ovechkin in neutral zone.
6:33 of 2nd period - Wrist shot by Quinn Hughes.
6:33 of 2nd period - Stopped by Jake Oettinger with a rebound.
6:54 of 2nd period - Off-side.
6:55 of 2nd period - Evgeny Kuznetsov wins face-off versus Brayden Point in neutral zone.
6:57 of 2nd period - Victor Hedman is hit by David Savard and loses puck.
7:02 of 2nd period - Snap shot by Evgeny Kuznetsov.
7:02 of 2nd period - Stopped by Jake Oettinger without a rebound.
7:03 of 2nd period - Ryan O'Reilly wins face-off versus Brayden Point in Washington Capitals zone.
7:26 of 2nd period - Minor Penalty to David Savard for Tripping.
7:27 of 2nd period - Michael Mcleod wins face-off versus Tim Stutzle in Washington Capitals zone.
7:36 of 2nd period - Slapshot by Michael Mcleod.
7:36 of 2nd period - Goal by Michael Mcleod - Washington Capitals : 2 - Colorado Rockies : 1.
7:37 of 2nd period - Ryan O'Reilly wins face-off versus Michael Mcleod in neutral zone.
7:40 of 2nd period - Snap shot by Jesper Bratt.
7:40 of 2nd period - Goal by Jesper Bratt - Washington Capitals : 2 - Colorado Rockies : 2.
7:41 of 2nd period - Brayden Point wins face-off versus Tim Stutzle in neutral zone.
7:44 of 2nd period - Snap shot by Brayden Point.
7:44 of 2nd period - Deflect By Alex Ovechkin.
7:44 of 2nd period - Shot Misses the Net.
7:44 of 2nd period - Puck is out of play.
7:45 of 2nd period - Brayden Point wins face-off versus Tim Stutzle in Colorado Rockies zone.
7:46 of 2nd period - Snap shot by Alex Ovechkin.
7:46 of 2nd period - Shot Hit the Post.
8:12 of 2nd period - Snap shot by Alex Ovechkin.
8:12 of 2nd period - Stopped by Andrei Vasilevskiy with a rebound.
9:03 of 2nd period - Isac Lundestrom is hit by Jakub Vrana and loses puck.
9:24 of 2nd period - Snap shot by David Pastrnak.
9:24 of 2nd period - Deflect By Tim Stutzle.
9:24 of 2nd period - Shot Misses the Net.
9:24 of 2nd period - Puck is out of play.
9:25 of 2nd period - Ryan O'Reilly wins face-off versus Nico Hischier in Washington Capitals zone.
9:30 of 2nd period - Backhand shot by Nikita Kucherov.
9:30 of 2nd period - Stopped by Jake Oettinger with a rebound.
9:32 of 2nd period - Slapshot by Vince Dunn.
9:32 of 2nd period - Stopped by Jake Oettinger without a rebound.
9:33 of 2nd period - Ryan O'Reilly wins face-off versus Nico Hischier in Washington Capitals zone.
9:36 of 2nd period - Snap shot by Ryan O'Reilly.
9:36 of 2nd period - Stopped by Jake Oettinger without a rebound.
9:37 of 2nd period - Tim Stutzle wins face-off versus Nico Hischier in Washington Capitals zone.
9:50 of 2nd period - Slapshot by Jesper Bratt.
9:50 of 2nd period - Stopped by Jake Oettinger without a rebound.
9:51 of 2nd period - Ryan O'Reilly wins face-off versus Brayden Point in Washington Capitals zone.
10:27 of 2nd period - Slapshot by Nico Hischier.
10:27 of 2nd period - Shot Misses the Net.
10:29 of 2nd period - Slapshot by David Savard.
10:29 of 2nd period - Stopped by Andrei Vasilevskiy without a rebound.
10:30 of 2nd period - Brayden Point wins face-off versus Tim Stutzle in Colorado Rockies zone.
10:31 of 2nd period - Snap shot by Alex Ovechkin.
10:31 of 2nd period - Shot Misses the Net.
10:33 of 2nd period - Minor Penalty to Vince Dunn for Cross-checking.
10:34 of 2nd period - Brayden Point wins face-off versus Ryan O'Reilly in Colorado Rockies zone.
10:49 of 2nd period - Snap shot by Brayden Point.
10:49 of 2nd period - Goal by Brayden Point - Washington Capitals : 3 - Colorado Rockies : 2.
10:50 of 2nd period - Tim Stutzle wins face-off versus Brayden Point in neutral zone.
12:11 of 2nd period - Wrist shot by Brayden Point.
12:11 of 2nd period - Stopped by Andrei Vasilevskiy with a rebound.
12:43 of 2nd period - Minor Penalty to Dylan DeMelo for Roughing.
12:44 of 2nd period - Michael Mcleod wins face-off versus Tim Stutzle in Washington Capitals zone.
12:44 of 2nd period - Michael Mcleod is hit by Quinn Hughes.
13:19 of 2nd period - Snap shot by Jesper Bratt.
13:19 of 2nd period - Shot Misses the Net.
13:21 of 2nd period - Slapshot by Evgeny Kuznetsov.
13:21 of 2nd period - Stopped by Jake Oettinger with a rebound.
13:23 of 2nd period - Wrist shot by Jesper Bratt.
13:23 of 2nd period - Stopped by Jake Oettinger with a rebound.
14:43 of 2nd period - Penalty to Dylan DeMelo is over, Dylan DeMelo is back on ice.
14:58 of 2nd period - Slapshot by Nick Bonino.
14:58 of 2nd period - Shot Misses the Net.
15:06 of 2nd period - Wrist shot by Isac Lundestrom.
15:06 of 2nd period - Stopped by Andrei Vasilevskiy with a rebound.
15:08 of 2nd period - Slapshot by Nick Jensen.
15:08 of 2nd period - Stopped by Andrei Vasilevskiy without a rebound.
15:09 of 2nd period - Brayden Point wins face-off versus Evgeny Kuznetsov in Colorado Rockies zone.
15:15 of 2nd period - Icing by Quinn Hughes.
15:16 of 2nd period - Brayden Point wins face-off versus Evgeny Kuznetsov in Colorado Rockies zone.
15:51 of 2nd period - Drake Batherson is hit by Victor Hedman and loses puck.
16:44 of 2nd period - Icing by Kyle Palmieri.
16:45 of 2nd period - Isac Lundestrom wins face-off versus Evgeny Kuznetsov in Colorado Rockies zone.
17:00 of 2nd period - Snap shot by Dominik Kubalik.
17:00 of 2nd period - Shot Misses the Net.
18:11 of 2nd period - Slapshot by Nick Jensen.
18:11 of 2nd period - Stopped by Andrei Vasilevskiy with a rebound.
18:13 of 2nd period - Slapshot by Ian Cole.
18:13 of 2nd period - Stopped by Andrei Vasilevskiy with a rebound.
18:15 of 2nd period - Slapshot by Nick Jensen.
18:15 of 2nd period - Deflect By Nikita Zadorov.
18:15 of 2nd period - Stopped by Andrei Vasilevskiy without a rebound.
18:16 of 2nd period - Ryan O'Reilly wins face-off versus Isac Lundestrom in Colorado Rockies zone.
18:31 of 2nd period - Wrist shot by Dominik Kubalik.
18:31 of 2nd period - Shot Misses the Net.
18:45 of 2nd period - Snap shot by Jason Robertson.
18:45 of 2nd period - Stopped by Andrei Vasilevskiy without a rebound.
18:46 of 2nd period - Brayden Point wins face-off versus Tim Stutzle in Colorado Rockies zone.
18:57 of 2nd period - Wrist shot by Brayden Point.
18:57 of 2nd period - Stopped by Andrei Vasilevskiy with a rebound.
18:59 of 2nd period - Wrist shot by Brayden Point.
18:59 of 2nd period - Stopped by Andrei Vasilevskiy with a rebound.
19:01 of 2nd period - Wrist shot by David Savard.
19:01 of 2nd period - Deflect By Brayden Point.
19:01 of 2nd period - Shot Misses the Net.
19:01 of 2nd period - Puck is out of play.
19:02 of 2nd period - Ryan O'Reilly wins face-off versus Brad Marchand in Colorado Rockies zone.
19:02 of 2nd period - Ryan O'Reilly is hit by Brad Marchand.
19:12 of 2nd period - Snap shot by Kyle Connor.
19:12 of 2nd period - Stopped by Jake Oettinger with a rebound.
19:14 of 2nd period - Slapshot by Kyle Connor.
19:14 of 2nd period - Stopped by Jake Oettinger without a rebound.
19:15 of 2nd period - Ryan O'Reilly wins face-off versus Brayden Point in Washington Capitals zone.
19:23 of 2nd period - Minor Penalty to Nikita Kucherov for Hooking.
19:24 of 2nd period - Nick Bonino wins face-off versus Jason Robertson in Colorado Rockies zone.
Goals for this period are 3 for Washington Capitals vs 1 for Colorado Rockies.
Shots for this period are 17 for Washington Capitals vs 12 for Colorado Rockies.
3rd period
0:01 of 3rd period - Brayden Point wins face-off versus Nick Bonino in neutral zone.
1:23 of 3rd period - Penalty to Nikita Kucherov is over, Nikita Kucherov is back on ice.
1:33 of 3rd period - Snap shot by Jakub Vrana.
1:33 of 3rd period - Shot Blocked by David Savard.
1:35 of 3rd period - Slapshot by Andrew Peeke.
1:35 of 3rd period - Shot Blocked by Isac Lundestrom.
1:37 of 3rd period - Slapshot by Andrew Peeke.
1:37 of 3rd period - Stopped by Jake Oettinger without a rebound.
1:38 of 3rd period - Evgeny Kuznetsov wins face-off versus Isac Lundestrom in Washington Capitals zone.
1:43 of 3rd period - Snap shot by Evgeny Kuznetsov.
1:43 of 3rd period - Stopped by Jake Oettinger without a rebound.
1:44 of 3rd period - Isac Lundestrom wins face-off versus Evgeny Kuznetsov in Washington Capitals zone.
2:34 of 3rd period - Nick Jensen is hit by Andrew Peeke and loses puck.
3:03 of 3rd period - Wrist shot by Nick Jensen.
3:03 of 3rd period - Shot Blocked by Michael Bunting.
4:12 of 3rd period - Wrist shot by Evgeny Kuznetsov.
4:12 of 3rd period - Stopped by Jake Oettinger without a rebound.
4:13 of 3rd period - Brayden Point wins face-off versus David Pastrnak in Washington Capitals zone.
4:24 of 3rd period - Wrist shot by Brayden Point.
4:24 of 3rd period - Goal by Brayden Point - Washington Capitals : 4 - Colorado Rockies : 2.
4:25 of 3rd period - Ryan O'Reilly wins face-off versus Brayden Point in neutral zone.
4:28 of 3rd period - Brayden Point is hit by Kyle Connor and loses puck.
5:00 of 3rd period - Slapshot by Brad Marchand.
5:00 of 3rd period - Stopped by Andrei Vasilevskiy without a rebound.
5:01 of 3rd period - Ryan O'Reilly wins face-off versus Nico Hischier in Colorado Rockies zone.
5:01 of 3rd period - Ryan O'Reilly is hit by John Carlson.
5:14 of 3rd period - Minor Penalty to Brad Marchand for Hooking.
5:15 of 3rd period - Michael Mcleod wins face-off versus Tim Stutzle in Washington Capitals zone.
5:31 of 3rd period - Snap shot by Kyle Connor.
5:31 of 3rd period - Stopped by Jake Oettinger with a rebound.
5:41 of 3rd period - Michael Mcleod is hit by Vince Dunn and loses puck.
7:10 of 3rd period - Vince Dunn is hit by Brayden Point and loses puck.
7:14 of 3rd period - Penalty to Brad Marchand is over, Brad Marchand is back on ice.
7:44 of 3rd period - Michael Bunting is hit by Erik Johnson and loses puck.
8:00 of 3rd period - Jakub Vrana is hit by Owen Tippett and loses puck.
8:11 of 3rd period - Kyle Connor is hit by Drake Batherson and loses puck.
8:37 of 3rd period - Nick Foligno is hit by Victor Hedman and loses puck.
9:13 of 3rd period - Evgeny Kuznetsov is hit by Brayden Point and loses puck.
9:24 of 3rd period - Isac Lundestrom is hit by Kyle Palmieri.
10:08 of 3rd period - Erik Johnson is hit by Kyle Palmieri and loses puck.
10:40 of 3rd period - Vince Dunn is hit by Jordan Kyrou and loses puck.
11:13 of 3rd period - Backhand shot by Alex Ovechkin.
11:13 of 3rd period - Shot Hit the Post.
11:15 of 3rd period - Snap shot by Ian Cole.
11:15 of 3rd period - Stopped by Andrei Vasilevskiy with a rebound.
11:17 of 3rd period - Wrist shot by Brayden Point.
11:17 of 3rd period - Shot Misses the Net.
11:19 of 3rd period - Wrist shot by Brayden Point.
11:19 of 3rd period - Shot Misses the Net.
11:25 of 3rd period - Minor Penalty to Vince Dunn for Hooking.
11:26 of 3rd period - Brayden Point wins face-off versus Nick Bonino in Colorado Rockies zone.
11:39 of 3rd period - Nikita Kucherov is hit by Alex Ovechkin and loses puck.
11:58 of 3rd period - Icing by Owen Tippett.
11:59 of 3rd period - Nick Bonino wins face-off versus Nico Hischier in Washington Capitals zone.
12:00 of 3rd period - Wrist shot by Tim Stutzle.
12:00 of 3rd period - Stopped by Jake Oettinger with a rebound.
12:07 of 3rd period - Minor Penalty to Dylan DeMelo for Interference.
12:08 of 3rd period - Tim Stutzle wins face-off versus Brayden Point in Washington Capitals zone.
12:13 of 3rd period - Wrist shot by Nikita Kucherov.
12:13 of 3rd period - Shot Blocked by David Savard.
12:15 of 3rd period - Wrist shot by Tim Stutzle.
12:15 of 3rd period - Goal by Tim Stutzle - Washington Capitals : 4 - Colorado Rockies : 3.
12:16 of 3rd period - Ryan O'Reilly wins face-off versus Brayden Point in neutral zone.
12:23 of 3rd period - Wrist shot by David Pastrnak.
12:23 of 3rd period - Shot Misses the Net.
12:33 of 3rd period - Backhand shot by Alex Ovechkin.
12:33 of 3rd period - Shot Blocked by David Pastrnak.
13:07 of 3rd period - Quinn Hughes is hit by Nico Hischier and loses puck.
13:25 of 3rd period - Penalty to Vince Dunn is over, Vince Dunn is back on ice.
13:44 of 3rd period - Ryan O'Reilly is hit by Brad Marchand.
14:07 of 3rd period - Penalty to Dylan DeMelo is over, Dylan DeMelo is back on ice.
14:39 of 3rd period - Martin Fehervary is hit by Dylan DeMelo and loses puck.
15:08 of 3rd period - Slapshot by Nikita Kucherov.
15:08 of 3rd period - Stopped by Jake Oettinger with a rebound.
15:10 of 3rd period - Wrist shot by Vince Dunn.
15:10 of 3rd period - Stopped by Jake Oettinger with a rebound.
15:37 of 3rd period - Snap shot by Drake Batherson.
15:37 of 3rd period - Stopped by Andrei Vasilevskiy without a rebound.
15:38 of 3rd period - Michael Bunting wins face-off versus Nico Hischier in Colorado Rockies zone.
17:04 of 3rd period - Dominik Kubalik is hit by Evgeny Kuznetsov and loses puck.
17:09 of 3rd period - Snap shot by Michael Bunting.
17:09 of 3rd period - Shot Blocked by John Carlson.
17:11 of 3rd period - Slapshot by Evgeny Kuznetsov.
17:11 of 3rd period - Shot Misses the Net.
17:13 of 3rd period - Snap shot by Vince Dunn.
17:13 of 3rd period - Goal by Vince Dunn - Washington Capitals : 4 - Colorado Rockies : 4.
17:14 of 3rd period - Evgeny Kuznetsov wins face-off versus Michael Mcleod in neutral zone.
17:40 of 3rd period - Michael Mcleod is hit by Nikita Kucherov and loses puck.
17:53 of 3rd period - Wrist shot by Kyle Connor.
17:53 of 3rd period - Shot Misses the Net.
18:03 of 3rd period - Michael Mcleod is hit by Tim Stutzle.
18:52 of 3rd period - Snap shot by Drake Batherson.
18:52 of 3rd period - Stopped by Andrei Vasilevskiy with a rebound.
19:37 of 3rd period - Minor Penalty to Ian Cole for High sticking.
19:38 of 3rd period - Ryan O'Reilly wins face-off versus Michael Mcleod in Washington Capitals zone.
Goals for this period are 1 for Washington Capitals vs 2 for Colorado Rockies.
Shots for this period are 5 for Washington Capitals vs 9 for Colorado Rockies.
Overtime #1
0:01 of 1st overtime period - Michael Mcleod wins face-off versus Ryan O'Reilly in neutral zone.
0:16 of 1st overtime period - Slapshot by Ryan O'Reilly.
0:16 of 1st overtime period - Stopped by Jake Oettinger with a rebound.
1:37 of 1st overtime period - Penalty to Ian Cole is over, Ian Cole is back on ice.
2:26 of 1st overtime period - Jason Robertson is hit by Michael Bunting and loses puck.
4:17 of 1st overtime period - Victor Hedman is hit by Jason Robertson and loses puck.
4:58 of 1st overtime period - Evgeny Kuznetsov is hit by Jason Robertson and loses puck.
Goals for this period are 0 for Washington Capitals vs 0 for Colorado Rockies.
Shots for this period are 0 for Washington Capitals vs 1 for Colorado Rockies.
ShootOut
5:00 of 1st overtime period - Round #1.
5:00 of 1st overtime period - Washington Capitals, Jason Robertson.
5:00 of 1st overtime period - Deke by Jason Robertson.
5:00 of 1st overtime period - Shot Misses the Net.
5:00 of 1st overtime period - Colorado Rockies, Evgeny Kuznetsov.
5:00 of 1st overtime period - Snap shot by Evgeny Kuznetsov.
5:00 of 1st overtime period - Shot Misses the Net.
5:00 of 1st overtime period - Round #2.
5:00 of 1st overtime period - Washington Capitals, Drake Batherson.
5:00 of 1st overtime period - Backhand shot by Drake Batherson.
5:00 of 1st overtime period - Shot Misses the Net.
5:00 of 1st overtime period - Colorado Rockies, Michael Bunting.
5:00 of 1st overtime period - Snap shot by Michael Bunting.
5:00 of 1st overtime period - Stopped by Jake Oettinger.
5:00 of 1st overtime period - Round #3.
5:00 of 1st overtime period - Washington Capitals, Brayden Point.
5:00 of 1st overtime period - Deke by Brayden Point.
5:00 of 1st overtime period - Stopped by Andrei Vasilevskiy.
5:00 of 1st overtime period - Colorado Rockies, Nikita Kucherov.
5:00 of 1st overtime period - Deke by Nikita Kucherov.
5:00 of 1st overtime period - Shot Misses the Net.
5:00 of 1st overtime period - Round #4.
5:00 of 1st overtime period - Washington Capitals, Alex Ovechkin.
5:00 of 1st overtime period - Backhand shot by Alex Ovechkin.
5:00 of 1st overtime period - Stopped by Andrei Vasilevskiy.
5:00 of 1st overtime period - Colorado Rockies, Tim Stutzle.
5:00 of 1st overtime period - Wrist shot by Tim Stutzle.
5:00 of 1st overtime period - Stopped by Jake Oettinger.
5:00 of 1st overtime period - Round #5.
5:00 of 1st overtime period - Washington Capitals, David Savard.
5:00 of 1st overtime period - Backhand shot by David Savard.
5:00 of 1st overtime period - Shot Misses the Net.
5:00 of 1st overtime period - Colorado Rockies, Nick Bonino.
5:00 of 1st overtime period - Wrist shot by Nick Bonino.
5:00 of 1st overtime period - Shot Misses the Net.
5:00 of 1st overtime period - Round #6.
5:00 of 1st overtime period - Washington Capitals, John Carlson.
5:00 of 1st overtime period - Backhand shot by John Carlson.
5:00 of 1st overtime period - Shot Misses the Net.
5:00 of 1st overtime period - Colorado Rockies, Kevin Hayes.
5:00 of 1st overtime period - Deke by Kevin Hayes.
5:00 of 1st overtime period - Goal by Kevin Hayes.
Back to the Top